 Dungeon Crawl Stone Soup version 0.31-a0-845-g9abc20d24f (webtiles) character file.

Game seed: 6025130057290944148

3627908 Flugkiller the Hellbinder (level 27, 191/191 HPs)
             Began as a Djinni Delver on Oct 1, 2023.
             Was the Champion of Makhleb.
             Escaped with the Orb
             ... and 5 runes!
             The game lasted 01:53:07 (57658 turns).

Flugkiller the Hellbinder (Djinni Delver)          Turns: 57658, Time: 01:53:08

Health: 191/191    AC: 33    Str: 18      XL:     27
Gold:   5734       EV: 15    Int: 29 (30) God:    Makhleb [******] SH: 17 Dex: 13

rFire   + + .        m - +6 Majin-Bo {spellvamp, MP+6 Int+6, !a}
rCold   + . .        O - +5 kite shield {rC+}
rNeg    + . .        E - +8 chain mail "Ukkuonikodd" {Regen+ rCorr Int-4}
rPois   ∞            e - +2 helmet {Int+3}
rElec   .            i - +2 cloak {Will+}
rCorr   +            C - +0 pair of gloves "Niazaog" {rPois Str+3 Int+5 Dex-4}
SInv    +            (boots unavailable)
Will    ++++.        v - amulet "Ofoit" {rN+ Regen+} Stlth
                     T - +5 ring of evasion
HPRegen 2.11/turn    j - ring "Jihysiji" {rC+ Will+ Str+2}
MPRegen 0.00/turn

%: no passive effects
@: flying, studying 7 skills
A: sickness immunity, fire resistance 2, cold vulnerability 1, float, innate
caster, HP casting, extra vitality 1, see invisible, dopey 1, frail 1
0: Orb of Zot
}: 5/15 runes: barnacled, slimy, silver, abyssal, gossamer
a: Renounce Religion, Minor Destruction, Lesser Servant of Makhleb, Major
Destruction, Greater Servant of Makhleb


You escaped.
You worshipped Makhleb.
Makhleb was exalted by your worship.
You visited 10 branches of the dungeon, and saw 52 of its levels.
You visited the Abyss 3 times.
You visited 1 bazaar.
You also visited: Trove, Ossuary, Gauntlet, Wizlab and Desolation.

You collected 8086 gold pieces.
You spent 2352 gold pieces at shops.

Inventory:

Hand Weapons
 b - a +3 demon trident of flaming
   (You took it off Urug on level 12 of the Dungeon)
 m - the +6 Majin-Bo (weapon) {spellvamp, MP+6 Int+6, !a}
   (You took it off a frost giant on level 5 of the Vaults)

   Int+6:     It affects your intelligence (+6).
   MP+6:      It affects your magic capacity (+6).
Missiles
 B - 8 throwing nets
 P - 7 curare-tipped darts (quivered)
Armour
 e - a +2 helmet of intelligence (worn)
   (You bought it in a shop on level 2 of the Orcish Mines)
 f - the +0 chain mail of the Planets {Rampage SInv}
   (You found it on level 2 of the Realm of Zot)

   SInv:      It lets you see invisible.
   Rampage:   It bestows one free step when moving towards enemies.
 i - a +2 cloak of willpower (worn)
   (You took it off a draconian annihilator on level 2 of the Realm of Zot)
 C - the +0 pair of gloves "Niazaog" (worn) {rPois Str+3 Int+5 Dex-4}
   (You found it on level 5 of the Dungeon)

   Str+3:     It affects your strength (+3).
   Int+5:     It affects your intelligence (+5).
   Dex-4:     It affects your dexterity (-4).
   rPois:     It protects you from poison
 E - the +8 chain mail "Ukkuonikodd" (worn) {Regen+ rCorr Int-4}
   (You found it on level 5 of the Lair of Beasts)

   Int-4:     It affects your intelligence (-4).
   Regen+:    It increases your rate of health regeneration.
   rCorr:     It protects you from acid and corrosion.
 O - a +5 kite shield of cold resistance (worn)
   (You took it off a tengu warrior on level 3 of the Shoals)
Magical Staves
 a - the staff "Qatof" {rPois Will- Int+5 Dex+4 Earth}
   (You acquired it on level 11 of the Dungeon)

   [staff of earth]

   Base accuracy: +5 Base damage: 5 Base attack delay: 1.2 This weapon's minimum
   attack delay (0.6) is reached at skill level 12.
   Int+5:     It affects your intelligence (+5).
   Dex+4:     It affects your dexterity (+4).
   rPois:     It protects you from poison Will-: It decreases your willpower.
   Earth:     It increases the power of your Earth spells.
   It falls into the 'Staves' category.
   It is a one-handed weapon.
Jewellery
 j - the ring "Jihysiji" (right hand) {rC+ Will+ Str+2}
   (You took it off a deep elf sorcerer on level 3 of the Elven Halls)

   [ring of willpower]

   Str+2:     It affects your strength (+2).
   rC+:       It protects you from cold.
   Will+:     It increases your willpower.
 p - a +4 ring of protection
   (You found it on level 3 of the Spider Nest)
 s - an amulet of faith
   (You took it off a spriggan berserker on level 2 of the Depths)
 v - the amulet "Ofoit" (around neck) {rN+ Regen+}
   (You took it off a yaktaur captain on level 5 of the Vaults)

   [amulet of regeneration]

   rN+:       It protects you from negative energy.
   Regen+:    It increases your rate of health regeneration.
 S - a ring of wizardry
   (You took it off a frost giant on level 5 of the Vaults)
 T - a +5 ring of evasion (left hand)
   (You found it on level 1 of the Lair of Beasts)
 W - the ring "Leleklaq" {rF+ rC+ Dex+3}
   (You found it in a Gauntlet)

   [ring of protection from fire]

   Dex+3:     It affects your dexterity (+3).
   rF+:       It protects you from fire.
   rC+:       It protects you from cold.
Wands
 g - a wand of digging (16)
 K - a wand of paralysis (25)
   (You found it on level 2 of the Lair of Beasts)
 M - a wand of mindburst (57)
   (You found it on level 6 of the Dungeon)
 R - a wand of iceblast (44)
   (You found it on level 2 of the Lair of Beasts)
 Z - a wand of light (33)
   (You took it off Urug on level 12 of the Dungeon)
Scrolls
 c - 11 scrolls of fog
 r - 23 scrolls of identify
 t - 5 scrolls of teleportation
 x - 7 scrolls of torment
 y - 6 scrolls of poison
 z - 5 scrolls of blinking
 D - 7 scrolls of fear
 H - 5 scrolls of immolation
 L - 7 scrolls of vulnerability
 Q - 2 scrolls of enchant armour
Potions
 d - 14 potions of might
 h - 6 potions of haste
 k - 11 potions of enlightenment
 l - 9 potions of cancellation
 n - 2 potions of resistance
 o - 6 potions of mutation
 q - 15 potions of curing
 u - 10 potions of attraction
 w - 3 potions of heal wounds
 A - 12 potions of lignification
 G - 2 potions of invisibility
 J - 6 potions of ambrosia
 N - 3 potions of brilliance
Miscellaneous
 U - a phial of floods
   (You found it on level 5 of the Lair of Beasts)
 V - a tin of tremorstones (2/2)
   (You found it on level 3 of the Lair of Beasts)
 X - a sack of spiders
   (You found it in a Gauntlet)
 Y - a phantom mirror
   (You found it in a Gauntlet)


   Skills:
 + Level 22.5 Fighting
 - Level 2.0 Short Blades
 - Level 8.0 Polearms
 - Level 20.0 Armour
 - Level 6.0 Dodging
 - Level 4.1 Stealth
 - Level 12.0 Shields
 O Level 27 Spellcasting
 O Level 27 Conjurations
 O Level 27 Hexes
   Level 0.0 Charms
 O Level 27 Summonings
 O Level 27 Necromancy
 O Level 27 Translocations
 O Level 27 Transmutations
 O Level 27 Fire Magic
 O Level 27 Ice Magic
 O Level 27 Air Magic
 O Level 27 Earth Magic
 O Level 27 Poison Magic
 - Level 15.0 Invocations
 - Level 10.0 Evocations


You knew the following spells:

 Your Spells              Type           Power      Damage    Failure   Level
a - Sandblast             Erth           100%       2d20      0%          1
b - Lesser Beckoning      Tloc           100%       N/A       0%          2
c - Hailstorm             Conj/Ice       100%       3d20      0%          3
d - Call Canine Familiar  Summ           100%       N/A       0%          3
e - Olgreb's Toxic Radia  Pois           100%       N/A       0%          4
f - Lee's Rapid Deconstr  Erth           57%        3d26*     0%          5
g - Bombard               Conj/Erth      57%        9d9       0%          6
h - Orb of Destruction    Conj           57%        9d14      1%          7
i - Enfeeble              Hex            57%        N/A       1%          7
j - Infestation           Necr           57%        N/A       1%          8
k - Spellforged Servitor  Conj/Summ      57%        N/A       1%          7
l - Polar Vortex          Ice            57%        12d7*     7%          9
P - Borgnjor's Revivific  Necr           57%        N/A       1%          8
Your spell library was empty.

Dungeon Overview and Level Annotations

Branches:
Dungeon (15/15)            Temple (0/1) D:6            Lair (5/5) D:11
 Shoals (4/4) Lair:3       Spider (4/4) Lair:3        Slime (5/5) Lair:5
    Orc (2/2) D:12            Elf (3/3) Orc:2        Vaults (5/5) D:13
  Crypt (0/3) Vaults:2     Depths (4/4) D:15            Zot (5/5) Depths:4
Ossuary (visited)          WizLab (visited)         Desolation (visited)
Gauntlet (visited)

Altars:
Ashenzari
Cheibriados
Elyvilon
Fedhas
Gozag
Hepliaklqana
Makhleb
Okawaru
Qazlal
Wu Jian
Xom
Yredelemnul
The Shining One

Shops:
D:4 =   D:8 ?[   Orc:2 *[:(   Elf:2 (   Shoals:1 !   Shoals:3 (*[?[
Vaults:5 (   Depths:2 [

Portals:
Hell: Depths:1 Depths:2 Depths:3 Depths:4
Abyss: Depths:3
Pandemonium: Depths:2
Ziggurat: Depths:2

Annotations:
D:3 3 runed translucent doors, AceOff's ghost, amateur SpSh
D:7 2 transporters
D:14 1 runed translucent door
Lair:1 exclusion: oklob plant
Elf:2 Agnes
Depths:1 3 runed translucent doors, Hacs's ghost, veteran DgCj; Iloeme's ghost, adept DECK
Depths:2 2 runed translucent doors
Depths:3 exclusion: obsidian statue
Zot:2 2 transporters, exclusion: obsidian statue
Zot:4 exclusion: 4 doors
Zot:5 1 exclusion


Innate Abilities, Weirdness & Mutations

You are immune to sickness and miasma.
You are immune to poison.
Your flesh is very heat resistant. (rF++)
You are vulnerable to cold. (rC-)
You float through the air rather than walking.
You learn spells naturally, not from books.
Your magical power is your life essence.
You have superior vitality. (+4 MHP)
You have supernaturally acute eyesight. (SInv)
You are dopey. (Int -2)
You are frail. (-10% HP)


Message History

Unknown command.
You kill the orange demon!
Makhleb accepts your kill.
Casting: Polar Vortex (dangerous; 8% risk of failure)
Confirm with . or Enter, or press ? or * to list all spells.
Aiming: Bombard (safe; 0% risk of failure)
Press: ? - help, Shift-Dir - straight line, f - cacodemon
Aim: a cacodemon (whirling frost, heavily wounded, 79% to hit)
The iron shot hits the cacodemon!!
The cacodemon is almost dead.
The blast sends you backwards.
You kill the cacodemon!
Makhleb accepts your kill.
You feel better.
You feel your intelligence returning.
A sun demon comes into view.
The winds around you start to calm down.
You are engulfed in whirling frost.
The winds around you calm down.
There is a stone staircase leading up here.
You fly upwards.
There is a stone staircase leading down here.
HP restored.
There is an open door here.
A soul eater comes into view.
The soul eater moves out of view.
There is a stone staircase leading up here.
You fly upwards.
Level annotation: 2 transporters
There is a stone staircase leading down here.
You see here a +0 short sword.
You see here a +0 club.
There is an escape hatch in the ceiling here.
A mysterious force pulls you upwards. The hatch slams shut behind you.
There is a stone staircase leading up here.
You fly upwards.
There is a stone staircase leading down here.
The two-headed ogre shouts in stereo!
Casting: Bombard (safe; 0% risk of failure)
Confirm with . or Enter, or press ? or * to list all spells.
Aiming: Bombard (safe; 0% risk of failure)
Press: ? - help, Shift-Dir - straight line, f - two-headed ogre
Aim: a two-headed ogre, wielding two +0 giant clubs (90% to hit)
The iron shot hits the two-headed ogre!!!
You feel better.
You kill the two-headed ogre!
Makhleb accepts your kill. The blast sends you backwards.
Casting: Bombard (safe; 0% risk of failure)
Confirm with . or Enter, or press ? or * to list all spells.
You can't see any susceptible monsters within range! (Use Z to cast anyway.)
An Orb Guardian comes into view.
The Orb Guardian closely misses you.
The Orb Guardian hits you but does no damage.
Okay, then.
Unknown command.
Casting: Bombard (safe; 0% risk of failure)
Confirm with . or Enter, or press ? or * to list all spells.
Aiming: Bombard (safe; 0% risk of failure)
Press: ? - help, Shift-Dir - straight line, f - Orb Guardian
Aim: an Orb Guardian (71% to hit)
The iron shot hits the Orb Guardian!!!
You feel better.
The Orb Guardian is heavily wounded.
The blast sends you backwards.
Casting: Bombard (safe; 0% risk of failure)
Confirm with . or Enter, or press ? or * to list all spells.
Aiming: Bombard (safe; 0% risk of failure)
Press: ? - help, Shift-Dir - straight line, f/p - Orb Guardian
Aim: an Orb Guardian (heavily wounded, 71% to hit)
The iron shot hits the Orb Guardian!!!
You feel better.
You kill the Orb Guardian!
Makhleb accepts your kill. The blast sends you backwards.
There is a stone staircase leading up here.
You fly upwards.
There is a stone staircase leading down here.
There is a stone staircase leading up here.
You fly upwards.
Level annotation: 3 runed translucent doors, AceOff's ghost, amateur SpSh
There is a stone staircase leading down here.
There is an open gate here.
There is an open gate here.
A reaper comes into view. It is wielding a +4 vampiric scythe.
The reaper moves out of view.
There is a stone staircase leading up here.
You fly upwards.
There is a stone staircase leading down here.
There is an open door here.
There is an open door here.
There is an open door here.
There is a stone staircase leading down here.
There is an open door here.
Things that are here:
a +0 animal skin; a +0 mace
There is a stone staircase leading up here.
You fly upwards.
There is a stone staircase leading down here.
There is a staircase leading out of the dungeon here.
Enter note: gg You have escaped!

.##...##.# #.....#
##.....# # #.#####.##
#..#### #..###.# #
##.###.## #..# #.## ### #
##.#.######..#
#######.####### # ##.##
#.....# #...#...#.....###
#.#
#.###.###.#.#.###.###....
#.# #.#
#.#...#...#.....##.## #.#
#.# #.#.#####.#.###.##.#
#.####.# #.#.@#
#...#.#.##.# #....#.#
#.#.## #####.#.##.#
#######.#.###.#.#
#...#.##.#
..............#.###
#.###.##.#
.#.####.####..#...#
#.....##.# .#.# #(#
##..#.#.#######.###..#
.#.#
#.###...#.#.....#...#
#### .#.#
#......>#.###.###.###
.#.#
######...#.#.....#...#


There were no monsters in sight!

Vanquished Creatures
  the Royal Jelly (Slime:5)
  9 orbs of fire
  A dread lich (Zot:5)
  Mara (Shoals:4)
  Mennas (Vaults:3)
  A pandemonium lord (D:10)
  Frederick (Vaults:4)
  A shard shrike (Zot:4)
  7 Killer Klowns (Zot:5)
  Xtahua (Vaults:3)
  A caustic shrike (Depths:1)
  2 curse toes
  5 golden dragons
  Jory (Vaults:2)
  2 bone dragons
  A Tzitzimitl (D:15)
  6 electric golems
  A Brimstone Fiend (D:10)
  10 tentacled monstrosities
  A titan (Vaults:5)
  3 deep elf blademasters
  2 liches
  20 Orb Guardians
  6 quicksilver dragons
  16 acid blobs
  7 sphinxes
  An Executioner (Abyss:4)
  3 tentacled starspawn (Abyss:4)
  A walking frostbound tome (Depths:2)
  2 deep elf master archers (Elf:3)
  4 death cobs
  7 storm dragons
  7 tengu reavers
  9 shadow dragons
  The ghost of Notanamesir the Metamorph, an adept DrSh of Wu Jian (Spider:4)
  8 azure jellies (Slime:5)
  5 draconian monks
  17 fire giants
  16 rockslimes
  21 vault wardens
  7 deep elf sorcerers
  7 draconian knights
  9 frost giants
  An orc warlord (Orc:2)
  5 emperor scorpions
  5 draconian shifters
  3 imperial myrmidons (Desolation)
  5 ghost moths
  7 draconian scorchers
  5 iron dragons
  5 draconian annihilators
  Louise (Spider:3)
  25 ironbound preservers
  13 stone giants
  A cacodemon (D:9)
  6 draconian stormcallers
  A reaper (Abyss:4)
  3 war gargoyles
  A spriggan defender (D:15)
  3 broodmothers
  16 very ugly things
  12 formless jellyfish
  7 quicksilver oozes (Slime:5)
  8 green draconians
  7 deep elf demonologists (Elf:3)
  7 ironbound thunderhulks
  A vampire knight (Depths:1)
  9 dire elephants
  10 red draconians
  10 black draconians
  7 deep elf annihilators
  4 yellow draconians
  A minotaur (Gauntlet)
  11 spark wasps
  9 white draconians
  7 purple draconians
  10 ettins
  3 crystal guardians
  10 deep elf death magi
  3 merfolk javelineers
  9 yaktaur captains
  A green death (D:13)
  8 merfolk impalers
  A spectral spriggan (Depths:3)
  A salamander tyrant (Depths:3)
  An entropy weaver (shapeshifter) (D:14)
  3 deep elf high priests
  6 fire dragons
  11 servants of whispers
  13 great orbs of eyes
  10 entropy weavers
  A spectral sphinx (Depths:3)
  6 ragged hierophants (Desolation)
  2 jorogumos
  A spriggan air mage (Depths:4)
  3 hydras
  17 vault guards
  4 rakshasas
  6 peacekeepers
  3 merfolk avatars
  4 ice dragons
  A spectral tengu (Depths:3)
  14 centaur warriors
  3 catoblepae
  2 spectral fire giants (Depths:3)
  An ogre mage (D:15)
  8 two-headed ogres
  25 dancing weapons
  3 alligator snapping turtles (Shoals:3)
  3 merfolk aquamancers (Shoals:4)
  4 radroaches
  11 boulder beetles
  9 ironbound frosthearts
  15 death yaks
  A death knight (D:13)
  6 deep troll earth magi
  Urug (D:12)
  A hell hog (Zot:1)
  8 tengu warriors
  13 deep troll shamans
  6 demonic crawlers
  2 satyrs
  A shock serpent (shapeshifter) (Vaults:5)
  6 thrashing horrors
  4 vampire magi
  3 orc high priests (Orc:2)
  8 spriggan berserkers
  16 deep elf knights
  10 hell knights
  2 wretched stars
  7 skysharks
  2 shadow wraiths
  A skeletal warrior (D:13)
  2 spectral spark wasps (Depths:3)
  A fire crab (Lair:3)
  A salamander mystic (Depths:3)
  9 iron trolls
  7 pharaoh ants
  A sixfirhy (Abyss:2)
  15 sea snakes
  A fire crab (shapeshifter) (Vaults:5)
  A sun moth (Spider:2)
  76 deep trolls
  A spectral iron dragon (Depths:3)
  6 orb spiders
  5 glowing orange brains
  13 deep elf archers
  3 flayed ghosts
  8 large abominations
  3 orange crystal statues
  A bog body (Lair:3)
  5 orc knights
  7 wizards
  16 wolf spiders
  26 deep elf pyromancers
  23 ironbound convokers
  7 phantasmal warriors
  13 steelbarb worms
  6 lindwurms
  7 necromancers
  27 ugly things
  20 harpies
  A wolf spider (shapeshifter) (Vaults:5)
  20 deep elf zephyrmancers
  14 manticores
  8 fauns
  A will-o-the-wisp (Abyss:4)
  6 orc sorcerers
  A worldbinder (Abyss:3)
  5 cyclopes
  11 merfolk sirens
  16 moths of wrath
  A moth of wrath (shapeshifter) (D:15)
  3 shining eyes
  4 salamanders (Depths:3)
  An ice statue (Lair:3)
  19 elephants
  A black mamba (shapeshifter) (Abyss:4)
  19 vault sentinels
  6 black mambas
  15 water nymphs
  An eye of devastation (Slime:5)
  Joseph (D:7)
  A guardian serpent (Desolation)
  2 orange demons
  A fire giant skeleton (Vaults:3)
  2 smoke demons
  6 torpor snails
  4 molten gargoyles (Desolation)
  3 gargoyles
  2 rime drakes (Lair:3)
  19 cane toads
  A human zombie (Vaults:3)
  Psyche (D:11)
  Jeremiah (D:9)
  A hellion (Zot:3)
  Maggie (D:7)
  29 yaktaurs
  9 komodo dragons
  A tormentor (Abyss:2)
  4 freezing wraiths
  4 tengu conjurers
  A red devil (D:10)
  An ice devil (Lair:3)
  A spectral glowing shapeshifter (Depths:3)
  An ancient zyme (Abyss:2)
  An efreet (Zot:3)
  7 guardian mummies (Depths:3)
  5 trolls
  2 meliai
  7 polar bears
  A hornet (shapeshifter) (Vaults:5)
  22 merfolk
  14 wind drakes
  2 tyrant leeches (Lair:5)
  7 hornets
  3 hellwings
  2 raiju (shapeshifter) (D:15)
  18 tarantellas
  A tarantella (shapeshifter) (Depths:2)
  2 raiju (Abyss:2)
  22 blink frogs
  10 dream sheep
  8 snapping turtles
  A dream sheep (shapeshifter) (Vaults:5)
  47 saltlings
  111 slime creatures
  11 culicivoras
  6 air elementals
  28 jumping spiders
  3 centaur simulacra (Gauntlet)
  5 spriggans
  21 water elementals
  A wraith (D:12)
  A vampire (D:12)
  36 yaks
  6 wyverns
  24 fire elementals
  2 ynoxinuls (Abyss:2)
  A chaos spawn (Abyss:2)
  3 shadows
  6 fire bats
  7 golden eyes
  4 basilisks
  10 neqoxecs
  52 redbacks
  2 death yak simulacra (Lair:3)
  13 vampire mosquitoes
  A harpy simulacrum (Lair:3)
  6 small abominations
  3 acid dragons
  A floating eye (shapeshifter) (Depths:1)
  11 water moccasins
  A human skeleton (Vaults:3)
  A floating eye (Abyss:3)
  2 hydra simulacra (Zot:4)
  A black bear (shapeshifter) (D:14)
  22 orc warriors
  2 sky beasts (D:7)
  A meliai simulacrum (Gauntlet)
  3 black bears
  3 ogres
  A boggart (shapeshifter) (Vaults:5)
  21 centaurs
  4 wolves
  2 phantoms
  3 kobold brigands
  13 bullfrogs
  2 earth elementals
  5 scorpions
  14 wights
  A water moccasin zombie (D:3)
  15 killer bees
  7 electric eels
  2 howler monkeys (D:8)
  A wyvern simulacrum (Gauntlet)
  3 hounds
  5 jellies
  3 centaur zombies (Ossuary)
  4 gnoll boudas
  18 orc priests
  8 starcursed masses
  A sleepcap (D:6)
  6 iguanas
  23 orc wizards
  A hell rat (Lair:3)
  3 spriggan simulacra (Lair:3)
  A troll simulacrum (Lair:3)
  A hound zombie (D:3)
  A hound skeleton (D:3)
  2 mummies (Ossuary)
  Robin (D:2)
  19 gnolls
  7 adders
  A shadow imp (Gauntlet)
  2 white imps
  2 ufetubi (D:5)
  An adder zombie (D:3)
  An adder skeleton (D:3)
  3 worms (D:2)
  4 dart slugs
  47 orcs
  11 endoplasms
  A giant cockroach (D:3)
  2 gnoll zombies (Ossuary)
  19 goblins
  5 hobgoblins
  2 jackals (D:2)
  3 quokkas
  6 ball pythons
  A ball python zombie (D:3)
  2 bats (D:2)
  4 frilled lizards
  2 hobgoblin zombies (Ossuary)
  21 kobolds
  An orc zombie (Ossuary)
  7 rats
  2 starspawn tentacles (Abyss:4)
2285 creatures vanquished.

Vanquished Creatures (collateral kills)
  A golden dragon (Depths:4)
  2 tentacled monstrosities (Vaults:5)
  2 Orb Guardians (Zot:5)
  Rupert (Lair:4)
  2 titans (Vaults:5)
  A tentacled starspawn (Abyss:4)
  A tengu reaver (Vaults:5)
  A fenstrider witch (shapeshifter) (Vaults:5)
  A fire giant (Vaults:5)
  A deep elf sorcerer (Vaults:5)
  3 vault wardens
  An imperial myrmidon (Desolation)
  2 very ugly things (Depths:4)
  A draconian annihilator (Zot:5)
  A stone giant (Vaults:3)
  2 ironbound preservers
  An ironbound thunderhulk (Vaults:3)
  2 dire elephants (Vaults:3)
  A deep elf death mage (Vaults:5)
  2 ettins (Vaults:5)
  2 yaktaur captains
  16 vault guards
  2 servants of whispers (Desolation)
  A centaur warrior (D:11)
  An ogre mage (Vaults:5)
  An ironbound frostheart (Vaults:1)
  A tengu warrior (Depths:4)
  A deep troll earth mage (Depths:4)
  A deep troll shaman (Depths:4)
  A spriggan berserker (Depths:4)
  3 large abominations (Abyss:4)
  A death drake (shapeshifter) (Vaults:3)
  5 deep trolls
  A phantasmal warrior (Vaults:5)
  A wizard (Vaults:3)
  3 ironbound convokers (Desolation)
  2 lindwurms (Vaults:3)
  A manticore (D:10)
  3 slime creatures
  A black mamba (Lair:3)
  Maurice (D:11)
  A vault sentinel (Vaults:5)
  A gargoyle (D:11)
  3 cane toads
  A rime drake (Lair:3)
  3 komodo dragons
  A freezing wraith (Vaults:5)
  3 yaktaurs
  An ice devil (Lair:3)
  A polar bear (Lair:3)
  2 raiju (Abyss:2)
  5 saltlings (Desolation)
  A ynoxinul (Abyss:4)
  A shadow (D:11)
  A yak (D:11)
  2 wyverns
  A wraith (D:10)
  A basilisk (Lair:1)
  2 vampire mosquitoes (D:10)
  An acid dragon (D:11)
  3 wargs
  A centaur (D:9)
  2 wolves
  3 bullfrogs
  A jelly (Gauntlet)
  An orc priest (D:11)
  4 orc wizards
  3 orcs
128 creatures vanquished.

Vanquished Creatures (others)
  A storm dragon (Zot:2)
  A vault guard (Vaults:5)
  A vault sentinel (Vaults:3)
  A water elemental (Elf:1)
  A crimson imp (Abyss:2)
  A foxfire (Abyss:4)
  11 starspawn tentacles
17 creatures vanquished.

Grand Total: 2430 creatures vanquished

Notes
Turn   | Place    | Note
-------+----------+-------------------------------------------
     0 | D:5      | Flugkiller the Djinni Delver began the quest for the Orb.
     0 | D:5      | Reached XP level 1. HP: 20/20 MP: 0/0
    30 | D:5      | Noticed an iguana
    69 | D:5      | Identified the +0 pair of gloves "Niazaog" {rPois Str+3
                  | Int+5 Dex-4}
   119 | D:4      | Noticed a jelly
   145 | D:3      | Found a burning altar of Makhleb.
   153 | D:3      | Found a broken altar of Ashenzari.
   161 | D:3      | Became a worshipper of Makhleb the Destroyer
   448 | D:1      | Reached XP level 2. HP: 25/25 MP: 0/0
   483 | D:1      | Reached skill level 1 in Spellcasting
   483 | D:1      | Reached skill level 1 in Conjurations
   483 | D:1      | Reached skill level 1 in Hexes
   483 | D:1      | Reached skill level 1 in Summonings
   483 | D:1      | Reached skill level 1 in Necromancy
   483 | D:1      | Reached skill level 1 in Translocations
   483 | D:1      | Reached skill level 1 in Transmutations
   483 | D:1      | Reached skill level 1 in Fire Magic
   483 | D:1      | Reached skill level 1 in Ice Magic
   483 | D:1      | Reached skill level 1 in Air Magic
   483 | D:1      | Reached skill level 1 in Earth Magic
   483 | D:1      | Reached skill level 1 in Poison Magic
   734 | D:1      | Found a faded altar of an unknown god.
   827 | D:1      | Reached XP level 3. HP: 30/30 MP: 0/0
   827 | D:1      | Learned a level 1 spell: Sandblast
  1621 | D:2      | Reached * piety under Makhleb
  1960 | D:2      | Noticed Robin
  1983 | D:2      | HP: 1/30 [goblin/+0 club[Robin] (5)]
  2136 | D:2      | Reached XP level 4. HP: 34/35 MP: 0/0
  2157 | D:2      | Killed Robin
  2463 | D:2      | Reached XP level 5. HP: 39/40 MP: 0/0
  2463 | D:2      | Learned a level 2 spell: Lesser Beckoning
  2663 | D:3      | Reached ** piety under Makhleb
  2766 | D:3      | Reached XP level 6. HP: 43/46 MP: 0/0
  2901 | D:3      | Found a runed translucent gate.
  2902 | D:3      | Found a runed translucent gate.
  2902 | D:3      | Found a runed translucent gate.
  2904 | D:3      | Noticed AceOff's ghost (amateur SpSh)
  3297 | D:4      | Found a stormy altar of Qazlal.
  3317 | D:4      | Found a blossoming altar of Fedhas.
  3334 | D:4      | Reached XP level 7. HP: 36/50 MP: 0/0
  3334 | D:4      | Learned a level 3 spell: Hailstorm
  3616 | D:4      | Reached skill level 5 in Spellcasting
  3616 | D:4      | Reached skill level 5 in Conjurations
  3616 | D:4      | Reached skill level 5 in Hexes
  3616 | D:4      | Reached skill level 5 in Summonings
  3616 | D:4      | Reached skill level 5 in Necromancy
  3616 | D:4      | Reached skill level 5 in Translocations
  3616 | D:4      | Reached skill level 5 in Transmutations
  3616 | D:4      | Reached skill level 5 in Fire Magic
  3616 | D:4      | Reached skill level 5 in Ice Magic
  3616 | D:4      | Reached skill level 5 in Air Magic
  3616 | D:4      | Reached skill level 5 in Earth Magic
  3616 | D:4      | Reached skill level 5 in Poison Magic
  3713 | D:4      | Found a faded altar of an unknown god.
  3713 | D:4      | Found a faded altar of an unknown god.
  3716 | D:4      | Found a hazy altar of Hepliaklqana.
  3817 | D:4      | Found Zutt's Jewellery Shop.
  5020 | D:4      | Reached XP level 8. HP: 32/56 MP: 0/0
  5754 | D:5      | Identified 3 scrolls of acquirement
  5754 | D:5      | Acquired a manual of Shapeshifting
  5756 | D:5      | Acquired 1036 gold pieces
  5758 | D:5      | Acquired 799 gold pieces
  5900 | D:5      | Noticed a two-headed ogre
  6444 | D:5      | Found an ornate altar of the Wu Jian Council.
  6516 | D:5      | Reached *** piety under Makhleb
  6974 | D:6      | Found a staircase to the Ecumenical Temple.
  7002 | D:6      | Reached skill level 1 in Invocations
  7002 | D:6      | Reached XP level 9. HP: 35/60 MP: 0/0
  7002 | D:6      | Learned a level 3 spell: Call Canine Familiar
  7380 | D:6      | Found a snail-covered altar of Cheibriados.
  7705 | D:7      | Found a sand-covered staircase.
  7711 | Ossuary  | Entered an ossuary
  7975 | D:7      | Reached **** piety under Makhleb
  8239 | D:7      | Reached skill level 5 in Invocations
  8279 | D:7      | Found a transporter.
  8289 | D:7      | Noticed a kobold demonologist
  8303 | D:7      | Noticed Joseph
  8315 | D:7      | Noticed Maggie
  8336 | D:7      | Reached XP level 10. HP: 67/67 MP: 0/0
  8471 | D:7      | Killed Joseph
  8660 | D:7      | Killed Maggie
  8794 | D:7      | Found a transporter.
  8904 | D:8      | Reached skill level 1 in Armour
  8963 | D:8      | Found Osaytet's Armour Shop.
  9236 | D:8      | Found a white marble altar of Elyvilon.
  9326 | D:8      | Found Ciebegeb's Magic Scroll Shop.
  9336 | D:8      | Bought a scroll of enchant armour for 97 gold pieces
  9336 | D:8      | Bought a scroll of enchant armour for 97 gold pieces
  9664 | D:9      | Found an opulent altar of Gozag.
  9932 | D:9      | Noticed a two-headed ogre
  9940 | D:9      | Killed a two-headed ogre
  9941 | D:9      | Reached skill level 5 in Fighting
 10066 | D:9      | Reached XP level 11. HP: 76/76 MP: 0/0
 10066 | D:9      | Learned a level 4 spell: Olgreb's Toxic Radiance
 10121 | D:9      | Reached skill level 5 in Armour
 10172 | D:9      | Reached ***** piety under Makhleb
 10179 | D:9      | Reached skill level 5 in Dodging
 10262 | D:9      | Found a shimmering altar of Xom.
 10297 | D:9      | Noticed Jeremiah
 10309 | D:9      | Killed Jeremiah
 10501 | D:10     | Entered Level 10 of the Dungeon
 11056 | D:10     | Noticed a manticore
 11064 | D:10     | Killed a manticore
 11065 | D:10     | Reached skill level 10 in Spellcasting
 11065 | D:10     | Reached skill level 10 in Conjurations
 11065 | D:10     | Reached skill level 10 in Hexes
 11065 | D:10     | Reached skill level 10 in Summonings
 11065 | D:10     | Reached skill level 10 in Necromancy
 11065 | D:10     | Reached skill level 10 in Translocations
 11065 | D:10     | Reached skill level 10 in Transmutations
 11065 | D:10     | Reached skill level 10 in Fire Magic
 11065 | D:10     | Reached skill level 10 in Ice Magic
 11065 | D:10     | Reached skill level 10 in Air Magic
 11065 | D:10     | Reached skill level 10 in Earth Magic
 11065 | D:10     | Reached skill level 10 in Poison Magic
 11572 | D:11     | Noticed a centaur warrior
 11577 | D:11     | Noticed a centaur warrior
 11775 | D:11     | Noticed Maurice
 12289 | D:11     | Noticed Psyche
 12294 | D:11     | Killed Psyche
 12448 | D:11     | Found a staircase to the Lair.
 12479 | D:11     | Killed a centaur warrior
 12480 | D:11     | Reached XP level 12. HP: 59/85 MP: 0/0
 12602 | D:11     | Maurice stole 3 throwing nets
 12681 | D:11     | Killed Maurice
 12726 | D:11     | Killed a centaur warrior
 13363 | Lair:1   | Entered Level 1 of the Lair of Beasts
 13490 | Lair:1   | Found an iron altar of Okawaru.
 14797 | Lair:2   | Noticed a catoblepas
 14808 | Lair:2   | Reached XP level 13. HP: 75/92 MP: 0/0
 14808 | Lair:2   | Learned a level 5 spell: Lee's Rapid Deconstruction
 14826 | Lair:2   | Killed a catoblepas
 14827 | Lair:2   | Reached skill level 1 in Polearms
 15673 | Lair:2   | Reached ****** piety under Makhleb
 15816 | Lair:3   | Noticed a catoblepas
 15823 | Lair:3   | Noticed a six-headed hydra
 15834 | Lair:3   | Killed a catoblepas
 15884 | Lair:3   | Found a hole to the Spider Nest.
 15929 | Lair:3   | Found a gate leading to a gauntlet.
 15939 | Gauntlet | Entered a Gauntlet
 15939 | Gauntlet | Found a transporter.
 15939 | Gauntlet | Found a transporter.
 15955 | Gauntlet | Found a transporter.
 15959 | Gauntlet | Found a transporter.
 15974 | Gauntlet | Found a transporter.
 15990 | Gauntlet | Found a transporter.
 15996 | Gauntlet | Found a transporter.
 16004 | Gauntlet | Found a transporter.
 16021 | Gauntlet | Found a transporter.
 16029 | Gauntlet | Found a transporter.
 16049 | Gauntlet | Found a transporter.
 16070 | Gauntlet | Found a transporter.
 16172 | Gauntlet | Reached skill level 10 in Fighting
 16177 | Gauntlet | Reached skill level 5 in Polearms
 16222 | Gauntlet | Identified the ring of Badozxim {+Blink rN+ Will+ Stlth+}
 16398 | Gauntlet | Reached XP level 14. HP: 103/103 MP: 0/0
 16556 | Gauntlet | Noticed a minotaur
 16566 | Gauntlet | Killed a minotaur
 16577 | Gauntlet | Identified the ring "Leleklaq" {rF+ rC+ Dex+3}
 16728 | Lair:3   | Found a staircase to the Shoals.
 17933 | Lair:3   | Noticed a dire elephant
 17944 | Lair:3   | Killed a dire elephant
 18272 | Lair:3   | Identified the +0 leather armour of Articulation {+Blink
                  | +Inv rCorr Str+2}
 18369 | Lair:4   | Noticed Rupert
 18397 | Lair:4   | Killed Rupert
 18953 | Lair:4   | Acquired the staff "Qatof" {rPois Will- Int+5 Dex+4 Earth}
 19059 | Lair:5   | Entered Level 5 of the Lair of Beasts
 19144 | Lair:5   | Reached XP level 15. HP: 103/107 MP: 0/0
 19144 | Lair:5   | Learned a level 6 spell: Bombard
 19647 | Lair:5   | Found a staircase to the Slime Pits.
 20131 | Lair:5   | Identified the +1 leather armour of Nuewn {Contam Harm
                  | Will++ Stlth+}
 20146 | Lair:5   | Identified the +8 chain mail "Ukkuonikodd" {Regen+ rCorr
                  | Int-4}
 21388 | D:12     | Noticed Urug
 21390 | D:12     | Killed Urug
 21465 | D:12     | Found a staircase to the Orcish Mines.
 21802 | D:8      | Bought a scroll of brand weapon for 123 gold pieces
 21979 | D:13     | Reached XP level 16. HP: 104/117 MP: 0/0
 22062 | D:13     | Identified the +5 longbow of Pufroghieto {flame, rPois
                  | SInv}
 22187 | D:13     | Found a portal to a secret trove of treasure.
 22318 | D:13     | Found a gate to the Vaults.
 22321 | D:13     | Reached skill level 10 in Armour
 22712 | Abyss:2  | Cast into level 2 of the Abyss (a wizard)
 22824 | Abyss:2  | Gained mutation: You are dopey. (Int -2) [a neqoxec]
 22902 | Abyss:2  | Noticed a bone dragon
 22919 | Abyss:2  | Killed a bone dragon
 23162 | D:14     | Escaped the Abyss
 23173 | D:14     | Lost mutation: You are dopey. (Int -2) [potion of mutation]
 23173 | D:14     | Gained mutation: A frigid envelope surrounds you and
                  | freezes all who hurt you. [potion of mutation]
 23173 | D:14     | Gained mutation: You are robust. (+10% HP) [potion of
                  | mutation]
 23259 | D:14     | Reached skill level 10 in Invocations
 23443 | D:14     | Noticed a fire giant
 23611 | D:14     | Found a runed translucent door.
 23977 | D:15     | Entered Level 15 of the Dungeon
 24696 | D:15     | Reached XP level 17. HP: 137/137 MP: 0/0
 24696 | D:15     | Learned a level 7 spell: Orb of Destruction
 24699 | D:15     | Found a staircase to the Depths.
 24820 | Orc:1    | Entered Level 1 of the Orcish Mines
 24894 | Orc:2    | Entered Level 2 of the Orcish Mines
 24900 | Orc:2    | Found an iron altar of Okawaru.
 25037 | Orc:2    | Gained mutation: You are clumsy. (Dex -2) [a neqoxec]
 25232 | Orc:2    | Found a staircase to the Elven Halls.
 25402 | Orc:2    | Found Memut Zamn's Antique Armour Shop.
 25403 | Orc:2    | Found Hakh's Antique Weapon Boutique.
 25404 | Orc:2    | Found Woach's General Store.
 25404 | Orc:2    | Found Suwamot's Book Shop.
 25408 | Orc:2    | Bought a potion of resistance for 100 gold pieces
 25421 | Orc:2    | Bought a pitted kite shield for 218 gold pieces
 25421 | Orc:2    | Identified the +0 kite shield "Vaklim" {SInv} (You bought
                  | it in a shop on level 2 of the Orcish Mines)
 25543 | Orc:2    | Bought a pair of embroidered gloves for 172 gold pieces
 25543 | Orc:2    | Bought a glowing helmet for 172 gold pieces
 25781 | Spider:1 | Entered Level 1 of the Spider Nest
 25788 | Spider:1 | Reached skill level 1 in Shields
 26526 | Spider:2 | Identified the +2 hat of Patterns {Rampage Dex+3}
 27272 | Spider:3 | Reached skill level 5 in Shields
 27415 | Spider:3 | Reached XP level 18. HP: 148/148 MP: 0/0
 27586 | Spider:3 | Reached skill level 15 in Spellcasting
 27586 | Spider:3 | Reached skill level 15 in Conjurations
 27586 | Spider:3 | Reached skill level 15 in Hexes
 27586 | Spider:3 | Reached skill level 15 in Summonings
 27586 | Spider:3 | Reached skill level 15 in Necromancy
 27586 | Spider:3 | Reached skill level 15 in Translocations
 27586 | Spider:3 | Reached skill level 15 in Transmutations
 27586 | Spider:3 | Reached skill level 15 in Fire Magic
 27586 | Spider:3 | Reached skill level 15 in Ice Magic
 27586 | Spider:3 | Reached skill level 15 in Air Magic
 27586 | Spider:3 | Reached skill level 15 in Earth Magic
 27586 | Spider:3 | Reached skill level 15 in Poison Magic
 27595 | Spider:3 | Noticed Louise
 27605 | Spider:3 | Killed Louise
 27735 | Spider:4 | Entered Level 4 of the Spider Nest
 27788 | Spider:4 | Acquired the +1 hat of Beogh's Displeasure {rElec Dex+2
                  | Stlth-}
 28067 | Spider:4 | Found a runed translucent gate.
 28067 | Spider:4 | Found a runed translucent gate.
 28067 | Spider:4 | Found a runed translucent gate.
 28070 | Spider:4 | Noticed Notanamesir's ghost (adept DrSh)
 28823 | Spider:4 | Got a gossamer rune of Zot
 29092 | Spider:4 | Killed Notanamesir's ghost
 29255 | Spider:4 | Reached XP level 19. HP: 151/154 MP: 0/0
 29255 | Spider:4 | Learned a level 7 spell: Enfeeble
 29275 | Spider:4 | Identified the -2 pair of boots of Ehatypie {Int+3}
 29375 | Shoals:1 | Entered Level 1 of the Shoals
 29760 | Shoals:1 | Found Siclinn's Distillery.
 29771 | Shoals:1 | Bought a potion of heal wounds for 50 gold pieces
 29771 | Shoals:1 | Bought a potion of heal wounds for 50 gold pieces
 29771 | Shoals:1 | Bought a potion of mutation for 80 gold pieces
 29771 | Shoals:1 | Bought a potion of resistance for 100 gold pieces
 30856 | Shoals:3 | Found Paelaun's Armour Shop.
 31213 | Shoals:3 | Found Fygua's Magic Scroll Boutique.
 31354 | Shoals:3 | Bought a scroll of blinking for 112 gold pieces
 31354 | Shoals:3 | Bought a scroll of blinking for 112 gold pieces
 31354 | Shoals:3 | Bought a scroll of teleportation for 45 gold pieces
 31354 | Shoals:3 | Bought a scroll of teleportation for 45 gold pieces
 31354 | Shoals:3 | Bought a scroll of enchant armour for 112 gold pieces
 31505 | Shoals:3 | Found Fepuuw's Weapon Emporium.
 31521 | Shoals:3 | Found Penoviem's Armour Shop.
 31580 | Shoals:3 | Found Fikuk's Assorted Antiques.
 31606 | Shoals:3 | Bought a scroll of fear for 120 gold pieces
 31606 | Shoals:3 | Bought a potion of curing for 90 gold pieces
 31606 | Shoals:3 | Bought a glowing scarf for 240 gold pieces
 31864 | Shoals:4 | Entered Level 4 of the Shoals
 31864 | Shoals:4 | Noticed Mara
 31870 | Shoals:4 | Killed Mara
 32056 | Shoals:4 | Reached XP level 20. HP: 142/161 MP: 0/0
 32203 | Shoals:4 | Got a barnacled rune of Zot
 32205 | Shoals:4 | Identified the staff "Yghidgha" {rF+ Earth}
 32396 | Shoals:4 | Paralysed by an air elemental for 1 turns
 32398 | Shoals:4 | Paralysed by an air elemental for 1 turns
 32575 | Shoals:4 | Found a glowing golden altar of the Shining One.
 32598 | Shoals:4 | Paralysed by an air elemental for 1 turns
 33099 | D:13     | You paid a toll of +2 storm dragon scales to enter a
                  | treasure trove
 33100 | Trove    | Identified Sif Muna's Essays on Generative Malevolent
                  | Liturgies (Sif Muna gifted it to you in a treasure trove)
 33100 | Trove    | Identified Dufocs's Compilation of Arcane Combat and
                  | Austromancy (Sif Muna gifted it to you in a treasure trove)
 33100 | Trove    | Identified Sif Muna's Lectures on Overcast Execration (Sif
                  | Muna gifted it to you in a treasure trove)
 33100 | Trove    | Identified Sif Muna's Spellbook of the Dead and Battle
                  | Magic (Sif Muna gifted it to you in a treasure trove)
 33100 | Trove    | Identified Ducvut's Spellbook of Captivating Conjuration
                  | (Sif Muna gifted it to you in a treasure trove)
 33100 | Trove    | Identified Sif Muna's Papyrus of the Lethal Quake (Sif Muna
                  | gifted it to you in a treasure trove)
 33100 | Trove    | Identified Ewnom's Thoughts on Dynamic Ill Luck (Sif Muna
                  | gifted it to you in a treasure trove)
 33100 | Trove    | Identified Gukkefaj's Octavo of the Commander and
                  | Therianthropy (Sif Muna gifted it to you in a treasure
                  | trove)
 33100 | Trove    | Identified Sif Muna's Book of the Quantum Anticline (Sif
                  | Muna gifted it to you in a treasure trove)
 33100 | Trove    | Identified Sif Muna's Compilation of Frostbitten
                  | Ouranomancy (Sif Muna gifted it to you in a treasure trove)
 33100 | Trove    | Identified Sif Muna's Parchment of Fey Immolation (Sif Muna
                  | gifted it to you in a treasure trove)
 33100 | Trove    | Identified Sif Muna's Opusculum on Airy Hyperthermia (Sif
                  | Muna gifted it to you in a treasure trove)
 33100 | Trove    | Identified Yfufis's Catalogue of Execration and the Nimbus
                  | (Sif Muna gifted it to you in a treasure trove)
 33100 | Trove    | Identified Sif Muna's Advanced Steps in the Power of Words
                  | (Sif Muna gifted it to you in a treasure trove)
 33100 | Trove    | Identified Sif Muna's Omnibus of Concussion and Fascination
                  | (Sif Muna gifted it to you in a treasure trove)
 33100 | Trove    | Identified Sif Muna's Secrets of Movement (Sif Muna gifted
                  | it to you in a treasure trove)
 33100 | Trove    | Identified Sif Muna's Guide on Productive Unholy Magic (Sif
                  | Muna gifted it to you in a treasure trove)
 33100 | Trove    | Identified Huokh's Vellum of Combat Magic (Sif Muna gifted
                  | it to you in a treasure trove)
 33100 | Trove    | Identified Mamieh's Precepts of Causimancy (Sif Muna gifted
                  | it to you in a treasure trove)
 33100 | Trove    | Identified Sif Muna's Folio of Petrous Doom (Sif Muna
                  | gifted it to you in a treasure trove)
 33100 | Trove    | Identified Sif Muna's Compilation of the Many Youths (Sif
                  | Muna gifted it to you in a treasure trove)
 33100 | Trove    | Identified Sif Muna's Volume of Effluvium and the Door (Sif
                  | Muna gifted it to you in a treasure trove)
 33100 | Trove    | Identified Sif Muna's Codex of Outbursts and Stones (Sif
                  | Muna gifted it to you in a treasure trove)
 33100 | Trove    | Identified Sif Muna's Lessons on Mercurial Wounds (Sif Muna
                  | gifted it to you in a treasure trove)
 33100 | Trove    | Identified Sif Muna's Handbook of the Productive Evil Eye
                  | (Sif Muna gifted it to you in a treasure trove)
 33100 | Trove    | Identified Sif Muna's Vellum of Calling and Arson (Sif Muna
                  | gifted it to you in a treasure trove)
 33100 | Trove    | Identified Sif Muna's Codex of the Unholy Anticline (Sif
                  | Muna gifted it to you in a treasure trove)
 33100 | Trove    | Identified Zumirho's Vellum of Bringing Forth and the
                  | Sixfirhy (Sif Muna gifted it to you in a treasure trove)
 33100 | Trove    | Identified Sif Muna's Grimoire of the Volcano and
                  | Causimancy (Sif Muna gifted it to you in a treasure trove)
 33100 | Trove    | Identified Renk's Collected Works on the Energetic
                  | Singularity (Sif Muna gifted it to you in a treasure trove)
 33100 | Trove    | Identified Sif Muna's Encyclopedia of Hiemal Spellbinding
                  | (Sif Muna gifted it to you in a treasure trove)
 33100 | Trove    | Identified Sif Muna's Directory of the Wind and Terrain
                  | (Sif Muna gifted it to you in a treasure trove)
 33100 | Trove    | Identified Sif Muna's Monograph on Energetic Sparks (Sif
                  | Muna gifted it to you in a treasure trove)
 33100 | Trove    | Identified Janitoostre's Spellbook of the Foul Faeries (Sif
                  | Muna gifted it to you in a treasure trove)
 33100 | Trove    | Identified Sif Muna's Secrets of Translocational
                  | Bewitchment (Sif Muna gifted it to you in a treasure trove)
 33100 | Trove    | Identified Sif Muna's Discursus on the Voyage (Sif Muna
                  | gifted it to you in a treasure trove)
 33100 | Trove    | Identified Sif Muna's Further Steps in Witchery (Sif Muna
                  | gifted it to you in a treasure trove)
 33100 | Trove    | Identified Sif Muna's Discursus on Blows (Sif Muna gifted
                  | it to you in a treasure trove)
 33100 | Trove    | Identified Sif Muna's Opusculum on Concussion and
                  | Relocation (Sif Muna gifted it to you in a treasure trove)
 33100 | Trove    | Identified Sif Muna's Papyrus of Assembled Alteration (Sif
                  | Muna gifted it to you in a treasure trove)
 33100 | Trove    | Identified Heer's Vellum of the Fetid Boulder (Sif Muna
                  | gifted it to you in a treasure trove)
 33100 | Trove    | Identified Puavaceah's Compendium of Reformation and
                  | Glamour (Sif Muna gifted it to you in a treasure trove)
 33100 | Trove    | Identified Sif Muna's Compilation of Supportive Breath (Sif
                  | Muna gifted it to you in a treasure trove)
 33100 | Trove    | Identified Elysadivo's Handbook of Toxicants and the
                  | Retinue (Sif Muna gifted it to you in a treasure trove)
 33100 | Trove    | Identified Ymuff's Almanac of Congregated Arcane Combat
                  | (Sif Muna gifted it to you in a treasure trove)
 33100 | Trove    | Identified Sif Muna's Treatise on Sculpting and Jinxing
                  | (Sif Muna gifted it to you in a treasure trove)
 33100 | Trove    | Identified Sif Muna's Precepts of Burning Leadership (Sif
                  | Muna gifted it to you in a treasure trove)
 33100 | Trove    | Identified Kuf Koul's Essays on the Escort (Sif Muna gifted
                  | it to you in a treasure trove)
 33100 | Trove    | Identified Sif Muna's Incunable of the Cemetery (Sif Muna
                  | gifted it to you in a treasure trove)
 33100 | Trove    | Identified Sif Muna's Verses on Momentum (Sif Muna gifted
                  | it to you in a treasure trove)
 33100 | Trove    | Identified Sif Muna's Lectures on the Gathering and the
                  | Switch (Sif Muna gifted it to you in a treasure trove)
 33100 | Trove    | Identified Sif Muna's Catalogue of Creeping Ashes (Sif Muna
                  | gifted it to you in a treasure trove)
 33100 | Trove    | Identified Sif Muna's Collected Works on the Transposed
                  | Retinue (Sif Muna gifted it to you in a treasure trove)
 33100 | Trove    | Identified Irupua Sase's Octavo of the Ironbound Wind (Sif
                  | Muna gifted it to you in a treasure trove)
 33100 | Trove    | Identified Muebefep's Discursus on Excavation (Sif Muna
                  | gifted it to you in a treasure trove)
 33100 | Trove    | Identified Kocaaw's Lessons on Cold (Sif Muna gifted it to
                  | you in a treasure trove)
 33100 | Trove    | Identified Sif Muna's Omnibus of the Wayfarer and
                  | Iniquitous Secrets (Sif Muna gifted it to you in a treasure
                  | trove)
 33100 | Trove    | Identified Sif Muna's Anthology of Overhead Freezing (Sif
                  | Muna gifted it to you in a treasure trove)
 33100 | Trove    | Identified Utamach's Folio of Shapes and Bolts (Sif Muna
                  | gifted it to you in a treasure trove)
 33100 | Trove    | Identified Sif Muna's Octavo of Unified Grit (Sif Muna
                  | gifted it to you in a treasure trove)
 33100 | Trove    | Identified Sif Muna's Precepts of the Eight Boll Weevils
                  | (Sif Muna gifted it to you in a treasure trove)
 33100 | Trove    | Identified Sif Muna's Commentary on the Crypt (Sif Muna
                  | gifted it to you in a treasure trove)
 33100 | Trove    | Identified Sif Muna's Anthology of Blasts (Sif Muna gifted
                  | it to you in a treasure trove)
 33100 | Trove    | Identified Sif Muna's Quarto of Profane Spells and Blasts
                  | (Sif Muna gifted it to you in a treasure trove)
 33100 | Trove    | Identified Tuhod's Compendium of Helpful Battling (Sif Muna
                  | gifted it to you in a treasure trove)
 33100 | Trove    | Identified Sif Muna's Omnibus of Coarse Refrigeration (Sif
                  | Muna gifted it to you in a treasure trove)
 33100 | Trove    | Identified Sif Muna's Almanac of Confrontation (Sif Muna
                  | gifted it to you in a treasure trove)
 33100 | Trove    | Identified Sif Muna's Parchment of the Wild Figure (Sif
                  | Muna gifted it to you in a treasure trove)
 33100 | Trove    | Identified Sif Muna's Book of Changing and the Mausoleum
                  | (Sif Muna gifted it to you in a treasure trove)
 33100 | Trove    | Identified Sif Muna's Elucidation of Twinkling Blows (Sif
                  | Muna gifted it to you in a treasure trove)
 33100 | Trove    | Identified Gemoo's Book of Algor (Sif Muna gifted it to you
                  | in a treasure trove)
 33100 | Trove    | Identified Leaxesso's Incunabulum of Hot Contaminants (Sif
                  | Muna gifted it to you in a treasure trove)
 33100 | Trove    | Identified Kismex's Book of Flashy Hexes (Sif Muna gifted
                  | it to you in a treasure trove)
 33100 | Trove    | Identified Sif Muna's Precepts of the Charred Mesa (Sif
                  | Muna gifted it to you in a treasure trove)
 33100 | Trove    | Identified Xicrutaf's Atlas of the Tropical Caves (Sif Muna
                  | gifted it to you in a treasure trove)
 33100 | Trove    | Identified Sif Muna's Catalogue of the Collective Adder
                  | (Sif Muna gifted it to you in a treasure trove)
 33100 | Trove    | Identified Sif Muna's Vellum of Invincibility (Sif Muna
                  | gifted it to you in a treasure trove)
 33100 | Trove    | Identified Sif Muna's Handbook of Red-Hot Doom (Sif Muna
                  | gifted it to you in a treasure trove)
 33100 | Trove    | Identified Peczo's Secrets of Destructive Bedrock (Sif Muna
                  | gifted it to you in a treasure trove)
 33100 | Trove    | Identified Sif Muna's Opusculum on Lethal Anemomancy (Sif
                  | Muna gifted it to you in a treasure trove)
 33100 | Trove    | Identified Sif Muna's Anthology of the Welkin (Sif Muna
                  | gifted it to you in a treasure trove)
 33100 | Trove    | Identified Sif Muna's Omnibus of Distance and the Crater
                  | (Sif Muna gifted it to you in a treasure trove)
 33100 | Trove    | Identified Sif Muna's Quarto of Fateful Hoarfrost (Sif Muna
                  | gifted it to you in a treasure trove)
 33100 | Trove    | Identified Sif Muna's Catalogue of Grisly Relocation (Sif
                  | Muna gifted it to you in a treasure trove)
 33100 | Trove    | Identified Sif Muna's Precepts of Displaced Transition (Sif
                  | Muna gifted it to you in a treasure trove)
 33100 | Trove    | Identified Sif Muna's Omnibus of Red Configuration (Sif
                  | Muna gifted it to you in a treasure trove)
 33100 | Trove    | Identified Sif Muna's Excursus on Convocation and the
                  | Quarry (Sif Muna gifted it to you in a treasure trove)
 33100 | Trove    | Identified Sif Muna's Handbook of Topomancy and the Birds
                  | (Sif Muna gifted it to you in a treasure trove)
 33100 | Trove    | Identified Sif Muna's Writings on Fetching Rallying (Sif
                  | Muna gifted it to you in a treasure trove)
 33100 | Trove    | Identified Sif Muna's Tractate on Forces (Sif Muna gifted
                  | it to you in a treasure trove)
 33100 | Trove    | Identified Sif Muna's Almanac of Hexes (Sif Muna gifted it
                  | to you in a treasure trove)
 33100 | Trove    | Identified Sif Muna's Omnibus of Moving Gloom (Sif Muna
                  | gifted it to you in a treasure trove)
 33100 | Trove    | Identified Zuirepammu's Almanac of Plutonic Bad Luck (Sif
                  | Muna gifted it to you in a treasure trove)
 33100 | Trove    | Identified Sif Muna's Parchment of Company and the Mantle
                  | (Sif Muna gifted it to you in a treasure trove)
 33100 | Trove    | Identified Sif Muna's Directory of Dynamic Earth (Sif Muna
                  | gifted it to you in a treasure trove)
 33100 | Trove    | Identified Sif Muna's Vellum of the Amalgamated Fair Folk
                  | (Sif Muna gifted it to you in a treasure trove)
 33100 | Trove    | Entered a treasure trove
 33594 | Elf:1    | Entered Level 1 of the Elven Halls
 34676 | Elf:2    | Reached skill level 10 in Shields
 34906 | Elf:2    | Found a runed translucent gate.
 34907 | Elf:2    | Found a runed translucent gate.
 34909 | Elf:2    | Found a runed translucent gate.
 35248 | Elf:2    | Noticed Agnes
 35387 | Elf:2    | Found Soezedol's Weapon Emporium.
 36050 | Elf:3    | Entered Level 3 of the Elven Halls
 36056 | Elf:3    | Reached XP level 21. HP: 156/167 MP: 0/0
 36056 | Elf:3    | Learned a level 8 spell: Infestation
 36076 | Elf:3    | Found a flickering gateway to a bazaar.
 36081 | Elf:3    | Identified the +3 falchion of Ytoemp {freeze, *Noise rElec
                  | rC+++ Will+}
 36102 | Bazaar   | Entered a bazaar
 36104 | Bazaar   | Found Sauq's Armour Boutique.
 36108 | Bazaar   | Found Daqe's Weapon Boutique.
 36108 | Bazaar   | Found Gyeros's Weapon Boutique.
 36109 | Bazaar   | Found Vyovelet's Armour Boutique.
 36309 | Abyss:3  | Cast into level 3 of the Abyss (a deep elf sorcerer)
 36312 | Abyss:3  | Found a corrupted altar of Lugonu.
 36544 | Abyss:4  | Found a corrupted altar of Lugonu.
 36551 | Abyss:4  | Found a corrupted altar of Lugonu.
 36569 | Abyss:4  | Found a corrupted altar of Lugonu.
 36569 | Abyss:4  | Found a corrupted altar of Lugonu.
 36574 | Abyss:4  | Found a corrupted altar of Lugonu.
 36642 | Abyss:4  | Found a corrupted altar of Lugonu.
 36716 | Elf:3    | Escaped the Abyss
 37174 | Elf:3    | Paralysed by an air elemental for 1 turns
 37295 | Elf:3    | Identified the +4 mace "Nyn Wuag" {antimagic, rPois rN+
                  | SInv}
 37295 | Elf:3    | Identified the +6 short sword "Xuhifou" {freeze, Will++}
 37724 | Elf:3    | Identified the ring "Jihysiji" {rC+ Will+ Str+2}
 37750 | Elf:3    | Identified the +0 plate armour of Supple Strength {+Inv
                  | Will+}
 37785 | Elf:3    | Found the +7 Spriggan's Knife {stab, EV+4 Stlth+}
 37827 | Elf:3    | Identified the +11 arbalest of Sotibid {freeze, rPois rN+
                  | Str+3}
 38136 | Vaults:1 | Entered Level 1 of the Vaults
 38690 | Vaults:1 | Reached XP level 22. HP: 173/173 MP: 0/0
 39476 | Vaults:2 | Reached skill level 15 in Armour
 39659 | Vaults:2 | Noticed Jory
 39669 | Vaults:2 | Killed Jory
 39937 | Vaults:2 | Found a staircase to the Crypt.
 39937 | Vaults:2 | Found a basalt altar of Yredelemnul.
 40401 | Vaults:2 | Reached skill level 15 in Fighting
 40884 | Vaults:3 | Found a crumbling gateway.
 40897 | Desolati | Entered the Desolation of Salt
 41048 | Desolati | Identified the ring "Plog" {rC+ rN+}
 41056 | Desolati | Reached XP level 23. HP: 143/183 MP: 0/0
 41056 | Desolati | Learned a level 7 spell: Spellforged Servitor
 41200 | Desolati | Identified the +1 robe of Fufaifep {Rampage rPois rN++
                  | Slay-5}
 41200 | Desolati | Identified the ring of Goahyeve {Fly rC+ rCorr}
 41256 | Desolati | Reached skill level 15 in Invocations
 41289 | Desolati | Identified the staff "Roehetob" {Drain rElec rF+ Will++
                  | rCorr Air}
 42087 | Vaults:3 | Noticed Mennas
 42165 | Vaults:3 | Noticed Xtahua
 42172 | Vaults:3 | Killed Xtahua
 42991 | Abyss:4  | Cast into level 4 of the Abyss (a wizard)
 43107 | Abyss:4  | Reached XP level 24. HP: 199/199 MP: 0/0
 43176 | Abyss:4  | Got an abyssal rune of Zot
 43199 | Vaults:3 | Escaped the Abyss
 43386 | Vaults:3 | Killed Mennas
 43469 | Vaults:3 | Paralysed by a sphinx for 5 turns
 43509 | Vaults:3 | Reached skill level 1 in Evocations
 44252 | Vaults:4 | Reached skill level 5 in Evocations
 44579 | Vaults:4 | Noticed Frederick
 44593 | Vaults:4 | Killed Frederick
 44769 | Vaults:5 | Entered Level 5 of the Vaults
 44830 | Vaults:5 | Reached XP level 25. HP: 99/210 MP: 0/0
 44830 | Vaults:5 | Learned a level 8 spell: Borgnjor's Revivification
 44883 | Vaults:5 | Identified the ring "Adwoquweo" {Ice +Blink rPois}
 44986 | Vaults:5 | Identified the +6 long sword of Roism {heavy, Int+3 Dex+5}
 45125 | Vaults:5 | Reached skill level 10 in Evocations
 45262 | Vaults:5 | Identified the amulet "Ofoit" {rN+ Regen+}
 45425 | Vaults:5 | Got a silver rune of Zot
 46060 | Vaults:5 | Found Xuillomiemi's Weapon Boutique.
 46476 | Depths:1 | Entered Level 1 of the Depths
 46632 | Depths:1 | Noticed a caustic shrike
 46880 | Depths:1 | Killed a caustic shrike
 46899 | Depths:1 | Reached XP level 26. HP: 220/220 MP: 0/0
 46904 | Depths:1 | Found a gateway to Hell.
 47022 | Depths:1 | Found a runed translucent gate.
 47022 | Depths:1 | Found a runed translucent gate.
 47022 | Depths:1 | Found a runed translucent gate.
 47022 | Depths:1 | Noticed Iloeme's ghost (adept DECK)
 47023 | Depths:1 | Noticed Hacs's ghost (veteran DgCj)
 47039 | Depths:1 | Identified the amulet of Quhys {Acrobat rElec Int+2}
 47439 | Depths:2 | Found a one-way gateway to a ziggurat.
 47619 | Depths:2 | Found a one-way gate leading to the halls of Pandemonium.
 47827 | Depths:2 | Found a burning altar of Makhleb.
 48052 | Depths:2 | Found a runed translucent door.
 48053 | Depths:2 | Found a runed translucent door.
 48302 | Depths:2 | Found Cootaah's Antique Armour Boutique.
 48306 | Depths:2 | Bought an embroidered cloak for 217 gold pieces
 48894 | Depths:3 | Found a one-way gate to the infinite horrors of the Abyss.
 49563 | Depths:4 | Entered Level 4 of the Depths
 49602 | Depths:4 | Found a magical portal.
 49669 | WizLab   | Entered Wucad Mu's Monastery
 49824 | WizLab   | Found the crystal ball of Wucad Mu {*channel}
 49949 | WizLab   | Reached XP level 27. HP: 225/225 MP: 0/0
 49949 | WizLab   | Learned a level 9 spell: Polar Vortex
 50286 | Depths:4 | Found a gate to the Realm of Zot.
 50329 | Depths:4 | Reached skill level 27 in Summonings
 50329 | Depths:4 | Reached skill level 27 in Ice Magic
 50420 | Depths:4 | Found a broken altar of Ashenzari.
 51306 | Slime:1  | Entered Level 1 of the Pits of Slime
 51341 | Slime:1  | Gained mutation: Your muscles are strong. (Str +4, Int/Dex
                  | -1) [a shining eye]
 51412 | Slime:5  | Entered Level 5 of the Pits of Slime
 51467 | Slime:5  | Noticed the Royal Jelly
 51485 | Slime:5  | Killed the Royal Jelly
 51501 | Slime:5  | Gained mutation: You sometimes lose your temper in combat.
                  | [a shining eye]
 51637 | Slime:5  | Got a slimy rune of Zot
 51660 | Slime:5  | Identified the ring of Vyanliu {Ice *Corrode Fly rElec}
 51664 | Slime:5  | Identified the +2 robe of Plasticity {Rampage rPois Dex+3}
 51716 | Slime:5  | Identified the ring of Cycota {rC+ MP+9}
 51755 | Slime:5  | Identified the +0 eveningstar "Sitwit" {freeze, Will+}
 51762 | Slime:5  | Identified the +4 pair of gloves of Action {-Cast rF+
                  | Regen+ rCorr Int-4}
 52028 | Slime:5  | Gained mutation: You are very vulnerable to cold. (rC--) [a
                  | shining eye]
 52032 | Slime:5  | Lost mutation: You are robust. (+10% HP) [a shining eye]
 52039 | Slime:5  | Gained mutation: You occasionally lose the ability to drink
                  | potions when taking damage. [a shining eye]
 52042 | Slime:5  | Lost mutation: Your muscles are strong. (Str +4, Int/Dex
                  | -1) [potion of mutation]
 52042 | Slime:5  | Lost mutation: You are very vulnerable to cold. (rC--)
                  | [potion of mutation]
 52042 | Slime:5  | Lost mutation: You sometimes lose your temper in combat.
                  | [potion of mutation]
 52042 | Slime:5  | Gained mutation: You have a pair of small antennae on your
                  | head. [potion of mutation]
 52043 | Slime:5  | Lost mutation: A frigid envelope surrounds you and freezes
                  | all who hurt you. [potion of mutation]
 52043 | Slime:5  | Lost mutation: You are clumsy. (Dex -2) [potion of
                  | mutation]
 52043 | Slime:5  | Lost mutation: You occasionally lose the ability to drink
                  | potions when taking damage. [potion of mutation]
 52043 | Slime:5  | Gained mutation: You are covered in fur. (AC +1) [potion of
                  | mutation]
 52043 | Slime:5  | Gained mutation: You are somewhat resistant to further
                  | mutation. [potion of mutation]
 52043 | Slime:5  | Gained mutation: You are resistant to electric shocks.
                  | (rElec) [potion of mutation]
 52426 | Zot:1    | Entered Level 1 of the Realm of Zot
 52580 | Zot:2    | Found a transporter.
 52978 | Zot:2    | Found a transporter.
 53049 | Zot:2    | You are sucked into a shaft and drop 1 floor!
 53156 | Zot:2    | Identified the +0 chain mail of the Planets {Rampage SInv}
 54291 | Zot:4    | Noticed an orb of fire
 54306 | Zot:4    | Killed an orb of fire
 54553 | Zot:4    | Noticed a shard shrike
 54573 | Zot:4    | Killed a shard shrike
 55141 | Zot:5    | Entered Level 5 of the Realm of Zot
 55195 | Zot:5    | Noticed an orb of fire
 55207 | Zot:4    | Gained mutation: Your spells are a little easier to cast,
                  | but a little less powerful. [mutagenic glow]
 55216 | Zot:4    | Gained mutation: You are clumsy. (Dex -2) [mutagenic glow]
 55232 | Zot:4    | Lost mutation: You are somewhat resistant to further
                  | mutation. [mutagenic glow]
 55240 | Zot:4    | Gained mutation: You are weak. (Str -2) [mutagenic glow]
 55408 | Zot:4    | Lost mutation: You are clumsy. (Dex -2) [potion of
                  | mutation]
 55408 | Zot:4    | Lost mutation: You are resistant to electric shocks.
                  | (rElec) [potion of mutation]
 55408 | Zot:4    | Gained mutation: You are covered in thick fur. (AC +2)
                  | [potion of mutation]
 55408 | Zot:4    | Lost mutation: You are weak. (Str -2) [potion of mutation]
 55408 | Zot:4    | Gained mutation: You expend health (3 HP) to strengthen
                  | your wands. [potion of mutation]
 55409 | Zot:4    | Lost mutation: Your spells are a little easier to cast, but
                  | a little less powerful. [potion of mutation]
 55409 | Zot:4    | Lost mutation: You expend health (3 HP) to strengthen your
                  | wands. [potion of mutation]
 55409 | Zot:4    | Lost mutation: You have a pair of small antennae on your
                  | head. [potion of mutation]
 55409 | Zot:4    | Lost mutation: You are covered in thick fur. (AC +2)
                  | [potion of mutation]
 55409 | Zot:4    | Gained mutation: Armour fits poorly on your strangely
                  | shaped body. [potion of mutation]
 55410 | Zot:4    | Lost mutation: You are covered in fur. (AC +1) [potion of
                  | mutation]
 55410 | Zot:4    | Lost mutation: Armour fits poorly on your strangely shaped
                  | body. [potion of mutation]
 55410 | Zot:4    | Gained mutation: You expend health (3 HP) to strengthen
                  | your wands. [potion of mutation]
 55572 | Zot:5    | Noticed an orb of fire
 55579 | Zot:5    | Killed an orb of fire
 55582 | Zot:5    | Noticed an orb of fire
 55588 | Zot:5    | Killed an orb of fire
 55615 | Zot:5    | Noticed a Killer Klown
 55620 | Zot:5    | Killed a Killer Klown
 55620 | Zot:5    | Noticed a Killer Klown
 55636 | Zot:5    | Killed a Killer Klown
 55752 | Zot:5    | Noticed an orb of fire
 55754 | Zot:5    | Gained mutation: You are weak. (Str -2) [an orb of fire]
 55761 | Zot:5    | Killed an orb of fire
 55767 | Zot:5    | Noticed a Killer Klown
 55771 | Zot:5    | Killed a Killer Klown
 55922 | Zot:5    | Noticed a Killer Klown
 55929 | Zot:5    | Killed a Killer Klown
 55932 | Zot:5    | Noticed an orb of fire
 55935 | Zot:5    | Gained mutation: You do not regenerate when monsters are
                  | visible. [an orb of fire]
 55941 | Zot:5    | Gained mutation: You are dopey. (Int -2) [an orb of fire]
 55942 | Zot:5    | Killed an orb of fire
 55961 | Zot:4    | Lost mutation: You are weak. (Str -2) [potion of mutation]
 55961 | Zot:4    | Lost mutation: You expend health (3 HP) to strengthen your
                  | wands. [potion of mutation]
 55961 | Zot:4    | Gained mutation: Your flesh is almost immune to the effects
                  | of heat. (rF+++) [potion of mutation]
 55961 | Zot:4    | Lost mutation: Your flesh is almost immune to the effects
                  | of heat. (rF+++) [potion of mutation]
 55961 | Zot:4    | Lost mutation: You do not regenerate when monsters are
                  | visible. [potion of mutation]
 55961 | Zot:4    | Gained mutation: You have supernaturally acute eyesight.
                  | (SInv) [potion of mutation]
 56083 | Zot:5    | Noticed an orb of fire
 56092 | Zot:5    | Killed an orb of fire
 56093 | Zot:5    | Reached skill level 27 in Spellcasting
 56093 | Zot:5    | Reached skill level 27 in Conjurations
 56093 | Zot:5    | Reached skill level 27 in Hexes
 56093 | Zot:5    | Reached skill level 27 in Necromancy
 56093 | Zot:5    | Reached skill level 27 in Translocations
 56093 | Zot:5    | Reached skill level 27 in Transmutations
 56093 | Zot:5    | Reached skill level 27 in Fire Magic
 56093 | Zot:5    | Reached skill level 27 in Air Magic
 56093 | Zot:5    | Reached skill level 27 in Earth Magic
 56093 | Zot:5    | Reached skill level 27 in Poison Magic
 56254 | Zot:5    | Killed an orb of fire
 56452 | Zot:4    | Identified the ring of the Foremost Spirits {Will- EV+5
                  | Int+8 SInv}
 56651 | Zot:5    | Noticed a Killer Klown
 56655 | Zot:5    | Noticed an orb of fire
 56656 | Zot:5    | Killed a Killer Klown
 56662 | Zot:5    | Killed an orb of fire
 56672 | Zot:5    | Noticed an orb of fire
 56675 | Zot:5    | Gained mutation: You are frail. (-10% HP) [an orb of fire]
 56677 | Zot:5    | Noticed a Killer Klown
 56679 | Zot:5    | Killed an orb of fire
 56701 | Zot:5    | Killed a Killer Klown
 56735 | Zot:5    | Noticed a dread lich
 56748 | Zot:5    | Killed a dread lich
 56932 | Zot:5    | Noticed a Killer Klown
 56940 | Zot:5    | Killed a Killer Klown
 57035 | Zot:5    | Got the Orb of Zot
 57236 | Depths:1 | Noticed Ymaimea the pandemonium lord
 57393 | D:10     | Noticed Wiajer the pandemonium lord
 57398 | D:10     | Killed Wiajer the pandemonium lord
 57657 | D:1      | gg
 57658 | D:$      | Escaped with the Orb!

Illustrated notes

.##...##.# #.....#
##.....# # #.#####.##
#..#### #..###.# #
##.###.## #..# #.## ### #
##.#.######..#
#######.####### # ##.##
#.....# #...#...#.....###
#.#
#.###.###.#.#.###.###....
#.# #.#
#.#...#...#.....##.## #.#
#.# #.#.#####.#.###.##.#
#.####.# #.#.@#
#...#.#.##.# #....#.#
#.#.## #####.#.##.#
#######.#.###.#.#
#...#.##.#
..............#.###
#.###.##.#
.#.####.####..#...#
#.....##.# .#.# #(#
##..#.#.#######.###..#
.#.#
#.###...#.#.....#...#
#### .#.#
#......>#.###.###.###
.#.#
######...#.#.....#...#


Turn 57657 on D:1: gg

Levels and vault maps discovered:
D:1:      elethiomel_arrival_maze, layout_loops_ring,
          hellmonk_ecumenical_altar_crossroads
D:2:      layout_basic, uniq_robin
D:3:      layout_rooms, mainiacjoe_overflow_big_doors, serial_undead,
          serial_undead_e, serial_undead_b, serial_undead_d, serial_undead_f,
          gammafunk_ghost_necromancy, dk_noncrumbling_3, minmay_goblin_outpost
D:4:      layout_layer_cave, grunt_temple_overflow_forces_of_nature,
          nicolae_hepliaklqana_ecumenical_no_more, serial_shops, shop
D:5:      layout_loops_ring, nzn_wu_jian_contemplation, roderic_lattice_a
D:6:      layout_rooms, mainiacjoe_overflow_tiny_flanked, temple_pool_b,
          serial_bayou_pond_e
D:7:      gammafunk_wand_slinger, layout_basic, enter_ossuary_5, uniq_maggie,
          uniq_joseph
D:8:      layout_gridville, lemuel_crystal_altar, serial_shops,
          nicolae_shop_crystal, shop
D:9:      layout_basic, lemuel_round_altar, nicolae_gozag_seed_capital,
          nicolae_two_hexagons, uniq_jeremiah
D:10:     layout_irregular_city, amcnicky_mini_rare_corridor_liquid
D:11:     layout_big_octagon, erik_lair_orcish_takeover, uniq_maurice,
          uniq_psyche
D:12:     layout_loops_cross, orc_0_dummy, uniq_urug
D:13:     layout_irregular_city, david_vaults_1, nicolae_trove_entry_crossroad,
          bh_walls_and_bars
D:14:     layout_stronghold, nicolae_concentric_dashed_squares_wild,
          minmay_hidden_floor
D:15:     gammafunk_enter_depths_forms, layout_basic, minmay_misc_feat_chi,
          st_stairs_13
Lair:1:   layout_regular_city, lemuel_oklob_altar, grunt_megastairs_1,
          serial_bayou_shore_a, serial_bayou_shore_b
Lair:2:   layout_loops_ring
Lair:3:   dreamdust_isle_of_ice, layout_chaotic_city,
          nicolae_shoals_entry_roost, hellmonk_spider_entry_not_the_bees,
          gauntlet_entry_generic, st_stairs_10, nicolae_lair_lakeside_cave
Lair:4:   layout_hall_layers, uniq_rupert
Lair:5:   minmay_lair_end_frog_pond, layout_gridlike, slime_entry_1,
          st_stairs_3, infiniplex_staircase_pool
Shoals:1: layout_shoals, serial_shops, shop, nicolae_shoals_square_sea_wall
Shoals:2: layout_shoals
Shoals:3: layout_shoals, serial_shops, shop, nicolae_shop_dealshenge, shop,
          shop, shop, kb_tengu_band
Shoals:4: shoals_end_hellmonk_storm_palace [storm_palace_center_circular,
          storm_palace_corner_narrow, storm_palace_corner_altar,
          storm_palace_corner_grid, storm_palace_corner_blocked], uniq_mara
Spider:1: layout_spider_delve
Spider:2: layout_spider_delve
Spider:3: layout_spider_delve, uniq_louise
Spider:4: hellmonk_spider_rune_bug_friends, gammafunk_ghost_tricky_traps
Slime:1:  layout_caves
Slime:2:  layout_caves
Slime:3:  layout_caves
Slime:4:  layout_caves
Slime:5:  slime_pit_nicolae_block_by_block
Orc:1:    layout_diamond_mine, nicolae_shop_self_help
Orc:2:    st_orc_congregation, layout_caves, okawaru_metal_pillars_1_2
Elf:1:    layout_onion_city, minivault_28
Elf:2:    nicolae_elf_blades_splatter_lattice
          [nicolae_blade_entry_area_security], layout_loops_corners,
          serial_shops, shop, nicolae_elf_v_pinch, uniq_agnes
Elf:3:    elf_hall_gauntlet_narrow, layout_geoelf_diagonals, serial_shops,
          bzr_entry_water
Vaults:1: ontoclasm_vaults_twist, vaults_standard_mumra_x,
          nicolae_vaults_little_squares_5, nicolae_vaults_circle_grid_b,
          v_misc_27, nicolae_vaults_trapezoid_lopsided_2, vaults_room_fours,
          nicolae_vaults_tetromino_L_1, nicolae_vaults_house_3,
          nicolae_vaults_mini_display_case, layout_vaults_omnigrid
Vaults:2: hangedman_vaults_restitches, minmay_crypt_entry_necro_gods, v_misc_22,
          v_misc_23, ontoclasm_vaults_ligature, v_misc_13, v_misc_18,
          nicolae_vaults_diagonal_hallway_6, nicolae_vaults_turnstiles,
          ontoclasm_vaults_pinch, v_pattern_3, v_misc_3, vaults_dpeg_ring,
          nicolae_vaults_little_squares_1, nicolae_vaults_tetromino_L_1,
          layout_vaults_chaotic_city, uniq_jory
Vaults:3: portal_desolation_entry_nicolae_nacl,
          nicolae_vaults_windows_and_doors_thing, hangedman_vaults_nails,
          v_pattern_5, nicolae_vaults_apartment_2, hangedman_vaults_variations,
          hangedman_vaults_stream, nicolae_vaults_network_star,
          grunt_vaults_hallway_short, nicolae_vaults_branching_niches,
          vaults_room_pool, hangedman_vaults_corner_blocks,
          nicolae_vaults_diagonal_hallway_7, nicolae_vaults_two_Ls,
          layout_vaults_omnibox, uniq_xtahua, uniq_mennas
Vaults:4: v_misc_26, v_rooms_1, nicolae_vaults_spaceships,
          nicolae_vaults_diamond_2, nicolae_vaults_double_plus_1,
          nicolae_vaults_closet_pinwheel_2, st_star,
          ontoclasm_vaults_ring_small, v_alt_pattern_6, grunt_vaults_bifocal,
          vaults_room_grid, nicolae_vaults_big_ls, layout_vaults_maze,
          uniq_frederick
Vaults:5
Depths:1: layout_basic, nicolae_wwwww, gammafunk_ghost_cemetery, hell_entry,
          hangedman_abyss_or_decor_stagger, minmay_pinched_square
Depths:2: minmay_the_grid_triangle_9x9_recursive_3_mashed
          [minmay_the_grid_triangle_9x9_sparse_checkered,
          minmay_the_grid_triangle_9x9_warning,
          minmay_the_grid_triangle_9x9_flanged_cone,
          minmay_the_grid_triangle_9x9_prize_center,
          minmay_the_grid_triangle_9x9_shrine,
          minmay_the_grid_triangle_9x9_pentomino_pain,
          minmay_the_grid_triangle_9x9_tough_junction,
          minmay_the_grid_triangle_9x9_limited_checkers,
          minmay_the_grid_triangle_9x9_stretched_checkered], layout_gridlike,
          enter_ziggurat_e, pf_vacation_house_of_asmodeus,
          hangedman_decor_riveting, serial_shops, nicolae_shop_hallway_stairs,
          pan_entry, serial_bayou_shore_b
Depths:3: lemuel_minitomb, layout_basic,
          hangedman_abyss_or_decor_jellyfish_corner, hell_entry, abyss_entry,
          minmay_staircase_statues
Depths:4: evilmike_zot_entry_argh, layout_gridlike, cheibrodos_ashenzari_chains,
          hell_entry, lightli_enter_wizlab_magi_temple, hangedman_decor_growths
Zot:1:    layout_basic, hangedman_zot_wheel_spokes, zot_minivault_2
Zot:2:    gammafunk_sealed_arena, layout_onion, lemuel_baited_zot_trap,
          bh_zot_lava_cross
Zot:3:    lemuel_firehouse, layout_onion, lemuel_golem_globe
Zot:4:    minmay_elemental_castle, layout_concentric_octagons,
          hangedman_elemental_grid_stream
Zot:5:    layout_twisted_circle, grunt_ministairs_1

Skill      XL: |  1  2  3  4  5  6  7  8  9 10 11 12 13 14 15 16 17 18 19 20 21 22 23 24 25 26 27 |
---------------+----------------------------------------------------------------------------------+-----
Short Blades   | 2 |  2.0
Spellcasting   | 1 2 3 4 6 7 8 9 10 12 14 16 17 18 19 20 21 22 27 | 27.0
Conjurations   | 1 2 3 4 6 7 8 9 10 12 14 16 17 18 19 20 21 22 27 | 27.0
Hexes          | 1 2 3 4 6 7 8 9 10 12 14 16 17 18 19 20 21 22 27 | 27.0
Summonings     | 1 2 3 4 6 7 8 9 10 12 14 16 17 19 21 23 26 27 | 27.0
Necromancy     | 1 2 3 4 6 7 8 9 10 12 14 16 17 18 19 20 21 22 27 | 27.0
Translocations | 1 2 3 4 6 7 8 9 10 12 14 16 17 18 19 20 21 22 27 | 27.0
Transmutations | 1 2 3 4 6 7 8 9 10 12 14 16 17 18 19 20 21 22 27 | 27.0
Fire Magic     | 1 2 3 4 6 7 8 9 10 12 14 16 17 18 19 20 21 22 27 | 27.0
Ice Magic      | 1 2 3 4 6 7 8 9 10 12 14 16 17 19 21 23 26 27 | 27.0
Air Magic      | 1 2 3 4 6 7 8 9 10 12 14 16 17 18 19 20 21 22 27 | 27.0
Earth Magic    | 1 2 3 4 6 7 8 9 10 12 14 16 17 18 19 20 21 22 27 | 27.0
Poison Magic   | 1 2 3 4 6 7 8 9 10 12 14 16 17 18 19 20 21 22 27 | 27.0
Invocations    | 1 5 6 7 9 10 11 14 15 | 15.0
Armour         | 4 6 8 9 11 12 14 16 19 20 | 20.0
Fighting       | 6 7 8 10 11 12 14 15 18 19 20 22 | 22.5
Dodging        | 6 |  6.0
Polearms       | 5 6 7 8 |  8.0
Shields        | 5 7 11 12 | 12.0
Evocations     | 7 10 | 10.0
Stealth        | |  4.1

Action                     |  1- 3 |  4- 6 |  7- 9 | 10-12 | 13-15 | 16-18 | 19-21 | 22-24 | 25-27 || total
---------------------------+-------+-------+-------+-------+-------+-------+-------+-------+-------++-------
  Melee: Short sword       |    47 |       |       |       |       |       |       |       |       ||    47
         Dagger            |     8 |     7 |       |       |       |       |       |       |       ||    15
         Flail             |       |       |     1 |       |       |       |       |       |       ||     1
         Morningstar       |       |       |    26 |    21 |       |       |       |       |       ||    47
         Punch             |       |       |     1 |       |       |       |       |       |       ||     1
         Trident           |       |       |       |   191 |   170 |       |       |       |       ||   361
         Staff             |       |       |       |       |    26 |    30 |    14 |     5 |       ||    75
         Demon trident     |       |       |       |       |       |     6 |    12 |       |       ||    18
         Bo                |       |       |       |       |       |       |       |       |     7 ||     7
  Throw: Dart              |       |       |       |     1 |       |       |       |       |       ||     1
   Cast: Sandblast         |    41 |   104 |   162 |    55 |       |       |       |       |       ||   362
         Hailstorm         |       |       |    32 |    20 |       |       |       |       |       ||    52
         Call Canine Famil |       |       |       |    42 |    27 |     3 |       |       |       ||    72
         Olgreb's Toxic Ra |       |       |       |    84 |   106 |   220 |   139 |    19 |     3 ||   571
         Lee's Rapid Decon |       |       |       |       |   115 |     8 |    15 |     3 |    65 ||   206
         Bombard           |       |       |       |       |   130 |   414 |   600 |   727 |  1342 ||  3213
         Orb of Destructio |       |       |       |       |       |       |     4 |     2 |     4 ||    10
         Infestation       |       |       |       |       |       |       |     1 |     3 |     7 ||    11
         Enfeeble          |       |       |       |       |       |       |     1 |       |       ||     1
         Spellforged Servi |       |       |       |       |       |       |       |    31 |     5 ||    36
         Polar Vortex      |       |       |       |       |       |       |       |       |    32 ||    32
 Invoke: Lesser Servant of |       |       |       |     1 |    11 |       |     4 |       |       ||    16
         Greater Servant o |       |       |       |       |       |       |     1 |       |       ||     1
  Evoke: Wand              |       |       |       |       |       |       |     3 |       |       ||     3
    Use: Scroll            |     5 |     3 |    11 |     8 |    10 |     9 |    14 |     5 |    16 ||    81
         Potion            |     2 |       |     2 |     2 |     1 |     4 |     9 |     9 |    16 ||    45
   Stab: Sleeping          |     5 |       |       |     2 |       |       |       |       |       ||     7
         Distracted        |       |       |       |     2 |       |       |     1 |       |       ||     3
 Armour: Leather armour    |    51 |    69 |    94 |     8 |    10 |       |       |       |       ||   232
         Ring mail         |       |       |       |   225 |   151 |     7 |       |       |       ||   383
         Chain mail        |       |       |       |       |       |   240 |   309 |   233 |   648 ||  1430
  Dodge: Dodged            |    32 |    37 |   106 |   323 |   378 |   236 |   178 |   122 |   312 ||  1724
  Block: Buckler           |       |       |       |       |       |    53 |    18 |       |       ||    71
         Kite shield       |       |       |       |       |       |       |   127 |   156 |   295 ||   578

Table legend: (Time is in decaauts)
 A = Elapsed time spent in this place.
 B = Non-inter-level travel time spent in this place.
 C = Inter-level travel time spent in this place.
 D = Time resting spent in this place.
 E = Time spent auto-exploring this place.
 F = Levels seen in this place.
 G = Mean time per level.
                   A        B        C        D        E       F      G
               +--------+--------+--------+--------+--------+-----+--------+
         Total |  57985 |  53541 |   4444 |  12899 |  26410 |  62 |  935.2 |
       Dungeon |  18159 |  16208 |   1951 |   5081 |   7794 |  15 | 1210.6 |
          Lair |   7444 |   6593 |    851 |   2288 |   2714 |   5 | 1488.8 |
        Shoals |   3656 |   3460 |    196 |    640 |   1983 |   4 |  914.0 |
   Spider Nest |   3578 |   3465 |    113 |    455 |   2129 |   4 |  894.5 |
    Slime Pits |    806 |    756 |     50 |      2 |    255 |   5 |  161.2 |
  Orcish Mines |    906 |    756 |    150 |     65 |    435 |   2 |  453.0 |
   Elven Halls |   3996 |   3776 |    220 |    967 |   1951 |   3 | 1332.0 |
        Vaults |   7147 |   6892 |    255 |    866 |   4171 |   5 | 1429.4 |
        Depths |   4224 |   3883 |    341 |    346 |   2514 |   4 | 1056.0 |
           Zot |   4747 |   4433 |    314 |   1323 |   1614 |   5 |  949.4 |
         Abyss |   1028 |   1028 |      0 |    292 |     93 |   4 |  257.0 |
        Bazaar |     32 |     32 |      0 |      0 |     27 |   1 |   32.0 |
         Trove |     83 |     83 |      0 |      0 |      7 |   1 |   83.0 |
       Ossuary |    236 |    236 |      0 |     25 |    129 |   1 |  236.0 |
        Wizlab |    401 |    401 |      0 |     89 |    122 |   1 |  401.0 |
    Desolation |    889 |    889 |      0 |    207 |    335 |   1 |  889.0 |
      Gauntlet |    644 |    644 |      0 |    252 |    137 |   1 |  644.0 |
               +--------+--------+--------+--------+--------+-----+--------+

Top non-repeatable levels by time:
     D:4: 2516 daAuts
    D:10: 2118 daAuts
  Lair:3: 2058 daAuts
  Lair:1: 1635 daAuts
Vaults:3: 1613 daAuts
Spider:4: 1574 daAuts
Vaults:2: 1520 daAuts
   Elf:3: 1487 daAuts
   Zot:4: 1475 daAuts
Vaults:5: 1468 daAuts
   Elf:2: 1410 daAuts
   Zot:5: 1392 daAuts
  Lair:5: 1385 daAuts
     D:5: 1308 daAuts
Vaults:1: 1298 daAuts
